 Dungeon Crawl Stone Soup version 0.22.1-1-ga44c0e56f4 (webtiles) character file.

24352 DearestLeader the Markscentaur (level 12, -12/104 HPs)
             Began as a Centaur Hunter on Nov 6, 2018.
             Was the Champion of Okawaru.
             Mangled by Rupert
             ... wielding a +1 battleaxe of freezing
              (25 damage)
             ... on level 6 of the Lair of Beasts.
             The game lasted 00:55:20 (18542 turns).

DearestLeader the Markscentaur (Centaur Hunter)    Turns: 18542, Time: 00:55:22

Health: -12/104    AC: 17    Str: 14    XL:     12   Next: 79%
Magic:  16/16      EV: 14    Int:  6    God:    Okawaru [******]
Gold:   611        SH:  0    Dex: 21    Spells: 11/11 levels left

rFire    + . .     SeeInvis +   K - +6 shortbow (flame)
rCold    . . .     Gourm    .   (shield currently unavailable)
rNeg     + + +     Faith    .   u - +2 robe {rN+}
rPois    .         Spirit   .   L - +2 helmet {SInv}
rElec    .         Reflect  .   J - +0 cloak
rCorr    .         Harm     .   (no gloves)
MR       .....                  z - +2 centaur barding {Fly}
Stlth    +.........             (no amulet)
HPRegen  0.27/turn              r - ring "Laorghoyl" {*Corrode +Fly rN+++ Int-4 Dex+5}
MPRegen  0.15/turn              B - ring of protection from fire

@: confused, flying, very quick
A: large, hooves 3, deformed body, speed 2, tough skin 3
a: Heroism, Finesse, Renounce Religion, Stop Flying


You were on level 6 of the Lair of Beasts.
You worshipped Okawaru.
Okawaru was exalted by your worship.
You were not hungry.

You visited 3 branches of the dungeon, and saw 16 of its levels.

You collected 611 gold pieces.

Inventory:

Hand Weapons
 a - a +1 shortbow
 g - a +0 whip
 y - a +1 halberd of venom
 K - a +6 shortbow of flaming (weapon)
Missiles
 d - 152 arrows (quivered)
Armour
 c - a +0 leather armour
 l - a +0 robe of resistance
 u - a +2 robe of positive energy (worn)
 z - a +2 centaur barding of flying (worn)
 J - a +0 cloak (worn)
 L - a +2 helmet of see invisible (worn)
Jewellery
 q - a cursed amulet of inaccuracy {unknown}
 r - the ring "Laorghoyl" (left hand) {*Corrode +Fly rN+++ Int-4 Dex+5}
   (You found it on level 4 of the Dungeon)

   [ring of flight]

   It affects your intelligence (-4).
   It affects your dexterity (+5).
   It renders you almost immune to negative energy.
   It lets you fly.
   It may corrode you when you take damage.
 A - a +4 ring of strength {unknown}
 B - a ring of protection from fire (right hand)
 D - an uncursed ring of see invisible
 H - a +5 ring of dexterity
Wands
 h - a wand of disintegration (6)
 x - a wand of random effects (43)
 E - a wand of flame (40)
Scrolls
 e - 4 scrolls of identify
 k - 2 scrolls of fog
 o - 2 scrolls of magic mapping
 p - 9 scrolls of teleportation
 s - 2 scrolls of amnesia
 t - a scroll of noise {unknown}
 v - 7 scrolls of remove curse
 C - 2 scrolls of enchant weapon {unknown}
 F - a scroll of random uselessness {unknown}
 I - 2 scrolls of enchant armour
Potions
 b - 2 potions of might {unknown}
 i - 3 potions of heal wounds
 j - a potion of flight
 m - a potion of agility
 n - 2 potions of lignification
 w - a potion of brilliance
 G - 2 potions of haste
Comestibles
 f - 18 rations


   Skills:
 + Level 9.2 Fighting
 - Level 4.0 Polearms
 * Level 18.2 Bows
 - Level 3.2 Armour
 + Level 8.1 Dodging
 - Level 0.4 Stealth
 + Level 6.4 Invocations


You had 11 spell levels left.
You didn't know any spells.
Your spell library contained the following spells:

 Spells                   Type           Power        Failure   Level  Hunger
 Animate Skeleton         Necr           N/A          45%         1    ##.....
 Apportation              Tloc           #.....       45%         1    ##.....
 Confusing Touch          Hex            #.....       45%         1    ##.....
 Corona                   Hex            #......      45%         1    ##.....
 Magic Dart               Conj           #...         45%         1    ##.....
 Summon Small Mammal      Summ           #...         45%         1    ##.....
 Blink                    Tloc           N/A          58%         2    ###....
 Call Imp                 Summ           #.......     58%         2    ###....
 Corpse Rot               Necr           N/A          58%         2    ###....
 Ensorcelled Hibernation  Hex/Ice        #.....       58%         2    ###....
 Slow                     Hex            #.......     58%         2    ###....
 Confuse                  Hex            #.......     83%         3    ####...
 Conjure Flame            Conj/Fire      #.......     83%         3    ####...
 Dazzling Spray           Conj/Hex       #.....       83%         3    ####...
 Mephitic Cloud           Conj/Pois/Air  #.......     83%         3    ####...
 Stone Arrow              Conj/Erth      #.....       83%         3    ####...
 Tukima's Dance           Hex            #.......     83%         3    ####...
 Ice Form                 Ice/Tmut       #.......     99%         4    #####..
 Leda's Liquefaction      Hex/Erth       #.........   99%         4    #####..
 Metabolic Englaciation   Hex/Ice        #.........   100%        5    ######.
 Summon Forest            Summ/Tloc      #.........   100%        5    ######.
 Bolt of Cold             Conj/Ice       #.........   100%        6    #######
 Freezing Cloud           Conj/Ice/Air   #.........   100%        6    #######
 Hydra Form               Tmut           #.........   100%        6    #######
 Ozocubu's Refrigeration  Ice            #.........   100%        6    #######
 Simulacrum               Ice/Necr       #.........   100%        6    #######
 Summon Hydra             Summ           #.........   100%        7    #######


Dungeon Overview and Level Annotations

Branches:
Dungeon (9/15)             Temple (1/1) D:4            Lair (6/6) D:9
 Shoals (0/4) Lair:2        Snake (0/4) Lair:3
  Slime: Lair:5-6       Orc: D:9-12

Altars:
Ashenzari
Cheibriados
Dithmenos
Elyvilon
Fedhas
Gozag
Hepliaklqana
Kikubaaqudgha
Makhleb
Nemelex Xobeh
Okawaru
Qazlal
Ru
Sif Muna
Trog
Uskayaw
Vehumet
Wu Jian
Xom
Yredelemnul
Zin
The Shining One

Shops:
D:4 :

Annotations:
D:8 2 runed doors, Zarkath's ghost, novice BaSu
D:9 Erolcha
Lair:6 Rupert


Innate Abilities, Weirdness & Mutations

You have hooves in place of feet.
Armour fits poorly on your strangely shaped body.
You cover ground very quickly.
You have extremely tough skin. (AC +3)


Message History

The fungus is heavily damaged.
Rupert yells loudly at you.
You suddenly lose the ability to move!
Rupert yells loudly at you.
You struggle to resist.
Rupert roars wildly at you.
You are more confused.
Rupert roars madly and goes into a rage!
Rupert goes berserk!
Rupert hits you with a battleaxe of freezing!!
Rupert freezes you!
You can move again.
You barely miss Rupert. You kick Rupert!
Rupert is severely wounded.
Rupert hits you with a battleaxe of freezing!!!
* * * LOW HITPOINT WARNING * * *
Rupert freezes you!
* * * LOW HITPOINT WARNING * * *
Rupert hits you with a battleaxe of freezing!!
You die...

#.(#...###.###...##
#..#........P....#
#..#............##
##.###......P....#
##(...........<.##
#.(###.P..#.PP..#
#PHP########.PP.###
#(@.#.##.#P.#P...P#
#.@..÷÷.÷..........
#P........P.....#..
###P##..###.######.
####### ### #


You could see Rupert (berserk) and a hippogriff.

Vanquished Creatures
  3 hydras
  3 two-headed ogres
  3 black mambas
  5 komodo dragons
  A rime drake (Lair:4)
  12 spiny frogs
  5 polar bears
  13 blink frogs
  Prince Ribbit (D:6)
  4 hippogriffs
  Sigmund (D:6)
  9 yaks
  A wyvern (Lair:4)
  A basilisk (Lair:1)
  2 hungry ghosts (D:8)
  3 nagas (Lair:3)
  10 water moccasins
  5 porcupines
  An ice beast (D:8)
  2 orc warriors
  2 sky beasts
  The ghost of rumpelstilzz the Skirmisher, an amateur CeWr (D:4)
  5 ogres
  2 black bears
  3 centaurs
  8 wolves
  10 crocodiles
  2 gnoll sergeants (D:7)
  15 bullfrogs
  14 wights
  6 killer bees
  3 howler monkeys
  An electric eel (Lair:3)
  2 crimson imps (D:7)
  A bullfrog zombie (D:5)
  3 jellies
  3 hounds
  A centaur skeleton (D:5)
  5 orc wizards
  A gnoll shaman (D:5)
  8 orc priests
  A bullfrog skeleton (D:6)
  4 iguanas
  Natasha (thrice) (D:2)
  5 worker ants
  A howler monkey zombie (D:6)
  A worker ant zombie (D:5)
  16 gnolls
  8 adders
  A howler monkey skeleton (D:4)
  2 oozes
  3 adder skeletons
  2 worms
  2 dart slugs (D:1)
  6 leopard geckos
  31 orcs
  A ball python (D:1)
  5 giant cockroaches
  6 goblins
  8 hobgoblins
  11 jackals
  10 kobolds
  4 quokkas
  8 bats
  5 frilled lizards
  A jackal skeleton (D:8)
  A leopard gecko skeleton (D:5)
  6 rats
  3 plants (D:9)
336 creatures vanquished.

Vanquished Creatures (others)
  A howler monkey skeleton (D:6)
  3 bushes (Lair:6)
  13 fungi
  10 plants
27 creatures vanquished.

Grand Total: 363 creatures vanquished

Notes
Turn   | Place    | Note
-------+----------+-------------------------------------------
     0 | D:1      | DearestLeader the Centaur Hunter began the quest for the
                  | Orb.
     0 | D:1      | Reached XP level 1. HP: 17/17 MP: 1/1
    92 | D:1      | Reached XP level 2. HP: 19/24 MP: 2/2
   206 | D:1      | Reached skill level 6 in Bows
   663 | D:1      | Reached XP level 3. HP: 28/29 MP: 3/3
  1223 | D:2      | Noticed Natasha
  1230 | D:2      | Killed Natasha
  1230 | D:2      | Reached XP level 4. HP: 24/36 MP: 4/4
  1262 | D:2      | Found a sacrificial altar of Ru.
  1269 | D:2      | Found a bloodstained altar of Trog.
  1271 | D:2      | Found an ornate altar of the Wu Jian Council.
  1296 | D:2      | Found a white marble altar of Elyvilon.
  1298 | D:2      | Found a stormy altar of Qazlal.
  1446 | D:2      | Found a glowing silver altar of Zin.
  1464 | D:2      | Noticed Natasha
  1481 | D:2      | Killed Natasha
  1481 | D:2      | Reached skill level 7 in Bows
  1563 | D:2      | Noticed Natasha
  1568 | D:2      | Killed Natasha
  1729 | D:3      | Reached XP level 5. HP: 37/41 MP: 5/5
  2266 | D:4      | Reached skill level 8 in Bows
  2293 | D:4      | Got a vibrating platinum ring
  2294 | D:4      | Identified the ring "Laorghoyl" {*Corrode +Fly rN+++ Int-4
                  | Dex+5} (You found it on level 4 of the Dungeon)
  2428 | D:4      | Reached XP level 6. HP: 49/50 MP: 6/6
  2676 | D:4      | Reached skill level 9 in Bows
  2810 | D:4      | Found a runed gate.
  2810 | D:4      | Found a runed gate.
  2810 | D:4      | Noticed rumpelstilzz's ghost (amateur CeWr)
  2811 | D:4      | Found a runed gate.
  2917 | D:4      | Found Kiessah's Book Shop.
  2939 | D:4      | Reached XP level 7. HP: 57/57 MP: 7/7
  3162 | D:4      | Found a staircase to the Ecumenical Temple.
  3172 | Temple   | Entered the Ecumenical Temple
  3241 | Temple   | Became a worshipper of Warmaster Okawaru
  3395 | D:4      | Reached skill level 10 in Bows
  3549 | D:4      | Killed rumpelstilzz's ghost
  3634 | D:5      | Entered Level 5 of the Dungeon
  3741 | D:5      | Reached XP level 8. HP: 59/67 MP: 8/8
  3799 | D:5      | Reached * piety under Okawaru
  4394 | D:6      | Reached skill level 11 in Bows
  4708 | D:6      | Found a stormy altar of Qazlal.
  5182 | D:4      | Reached skill level 5 in Fighting
  5424 | D:6      | Noticed Prince Ribbit
  5510 | D:6      | Killed Prince Ribbit
  5871 | D:6      | Noticed Sigmund
  5882 | D:6      | Killed Sigmund
  5882 | D:6      | Reached ** piety under Okawaru
  5882 | D:6      | Reached skill level 12 in Bows
  6740 | D:7      | Reached XP level 9. HP: 73/74 MP: 9/9
  7328 | D:7      | Reached skill level 5 in Dodging
  7476 | D:7      | Found a shimmering altar of Xom.
  7744 | D:7      | Reached skill level 13 in Bows
  8201 | D:8      | Found a large runed door.
  8201 | D:8      | Found a large runed door.
  8211 | D:8      | Noticed a two-headed ogre
  8561 | D:7      | Reached *** piety under Okawaru
  8799 | D:8      | Received a gift from Okawaru
  8799 | D:8      | Reached skill level 1 in Polearms
  8926 | D:8      | Reached skill level 1 in Armour
  9025 | D:8      | Received a gift from Okawaru
  9155 | D:8      | Killed a two-headed ogre
  9155 | D:8      | Reached XP level 10. HP: 74/84 MP: 10/10
  9341 | D:8      | Reached skill level 14 in Bows
  9368 | D:8      | Noticed a two-headed ogre
  9422 | D:8      | Killed a two-headed ogre
  9422 | D:8      | Received a gift from Okawaru
  9422 | D:8      | Reached **** piety under Okawaru
  9462 | D:8      | Noticed Zarkath's ghost (novice BaSu)
  9522 | D:8      | Found a snail-covered altar of Cheibriados.
  9743 | D:9      | Noticed a two-headed ogre
 10271 | D:9      | Noticed Erolcha
 10556 | D:9      | Killed a two-headed ogre
 11174 | D:9      | Found a staircase to the Lair.
 11546 | Lair:1   | Entered Level 1 of the Lair of Beasts
 11610 | Lair:1   | Noticed a spiny frog
 11630 | Lair:1   | Reached skill level 15 in Bows
 11673 | Lair:1   | Killed a spiny frog
 11673 | Lair:1   | Reached ***** piety under Okawaru
 11724 | Lair:1   | Noticed a spiny frog
 11802 | Lair:1   | Killed a spiny frog
 11802 | Lair:1   | Received a gift from Okawaru
 11836 | Lair:1   | Reached XP level 11. HP: 58/91 MP: 11/11
 11946 | Lair:1   | Received a gift from Okawaru
 12535 | Lair:1   | Received a gift from Okawaru
 12535 | Lair:1   | Reached skill level 1 in Invocations
 13231 | Lair:2   | Reached skill level 16 in Bows
 13709 | Lair:2   | Received a gift from Okawaru
 13751 | Lair:2   | Found a staircase to the Shoals.
 14375 | Lair:3   | Found a staircase to the Snake Pit.
 15824 | Lair:4   | Reached XP level 12. HP: 101/101 MP: 15/15
 15882 | Lair:4   | Reached skill level 17 in Bows
 16589 | Lair:5   | Noticed a seven-headed hydra
 16594 | Lair:5   | Killed a seven-headed hydra
 16609 | Lair:5   | Reached skill level 5 in Invocations
 16629 | Lair:5   | Noticed Rupert
 16654 | Lair:5   | Paralysed by Rupert for 6 turns
 16923 | Lair:5   | Reached ****** piety under Okawaru
 17565 | Lair:5   | Noticed a six-headed hydra
 17598 | Lair:5   | Killed a six-headed hydra
 17953 | Lair:6   | Entered Level 6 of the Lair of Beasts
 17953 | Lair:6   | Noticed a seven-headed hydra
 18101 | Lair:6   | Noticed a seven-headed hydra
 18128 | Lair:6   | Received a gift from Okawaru
 18138 | Lair:6   | Reached skill level 18 in Bows
 18261 | Lair:6   | Killed a seven-headed hydra
 18514 | Lair:6   | Paralysed by Rupert for 3 turns
 18536 | Lair:6   | Paralysed by Rupert for 4 turns
 18542 | Lair:6   | Mangled by Rupert

Skill      XL: |  1  2  3  4  5  6  7  8  9 10 11 12 |
---------------+-------------------------------------+-----
Bows           | 6 7 8 9 10 12 13 15 16 18 | 18.2
Dodging        | 2 3 4 5 6 7 8 |  8.1
Fighting       | 3 4 5 6 8 9 |  9.2
Polearms       | 2 4 |  4.0
Armour         | 1 3 |  3.2
Invocations    | 4 6 |  6.4
Stealth        | |  0.4

Action                   |  1- 3 |  4- 6 |  7- 9 | 10-12 || total
-------------------------+-------+-------+-------+-------++-------
Melee: Short sword       |    73 |       |       |       ||    73
       Kick              |    13 |    19 |     3 |    11 ||    46
       Whip              |    30 |    81 |     9 |       ||   120
       Halberd           |       |       |       |    18 ||    18
       Shortbow          |       |       |       |     1 ||     1
 Fire: Shortbow          |     9 |   133 |   623 |   863 ||  1628
Evoke: Wand              |       |       |       |     1 ||     1
  Use: Scroll            |       |     3 |     1 |     8 ||    12
       Potion            |       |       |     2 |    12 ||    14
  Eat: Chunk             |       |     4 |    10 |    18 ||    32
       Ration            |       |       |     2 |     1 ||     3
Armor: Leather armour    |    32 |    22 |    14 |     3 ||    71
       Robe              |       |       |       |    31 ||    31
       Skin              |       |       |       |     7 ||     7
Dodge: Dodged            |    53 |    55 |    90 |   132 ||   330
